 Dungeon Crawl Stone Soup version 0.17.2-1-ge4368a0 (webtiles) character file.

133 Goblin1989 the Cudgeler (level 4, -6/35 HPs)
             Began as a Demonspawn Fighter on Oct 4, 2016.
             Was an Initiate of Cheibriados.
             Mangled by a wight
             ... wielding a +0 battleaxe
              (10 damage)
             ... on level 3 of the Dungeon.
             The game lasted 00:05:30 (2621 turns).

Goblin1989 the Cudgeler (Demonspawn Fighter)        Turns: 2621, Time: 00:05:30

Health: -6/35      AC:  6    Str: 19    XL:     4   Next: 93%
Magic:  4/4        EV:  7    Int: 10    God:    Cheibriados [......]
Gold:   106        SH:  8    Dex: 10    Spells: 0 memorised, 3 levels left

rFire  . . .     SeeInvis .     a - +0 flail
rCold  . . .     Clarity  .     b - +0 scale mail
rNeg   . . .     SustAt   .     c - +0 shield
rPois  .         Gourm    .     (no helmet)
rElec  .         Spirit   .     (no cloak)
rCorr  .         Warding  .     (no gloves)
rMut   .         Stasis   .     (no boots)
MR     .....                    (no amulet)
Stlth  ..........               (no ring)
                                i - -3 ring of dexterity (curse)

@: drained, very slow, not resistant to hostile enchantments, extremely
unstealthy
A: claws 1, demonic guardian 1
a: Bend Time, Renounce Religion


You were on level 3 of the Dungeon.
You worshipped Cheibriados.
Cheibriados was noncommittal.
You were not hungry.

You visited 1 branch of the dungeon, and saw 3 of its levels.

You collected 106 gold pieces.

Inventory:

Hand Weapons
 a - a +0 flail (weapon)
Armour
 b - a +0 scale mail (worn)
 c - a +0 shield (worn)
 e - a +0 pair of gloves
Jewellery
 i - a cursed -3 ring of dexterity (left claw)
Scrolls
 f - 2 scrolls of fog {unknown}
 h - 3 scrolls of remove curse {unknown}
 m - a scroll of enchant armour {unknown}
 n - a scroll of teleportation {unknown}
Potions
 d - 2 potions of might
 g - 2 potions of resistance {unknown}
 k - 2 potions of degeneration {unknown}
 l - a potion of curing {unknown}
Comestibles
 j - 2 meat rations


   Skills:
 - Level 3.0(2.6) Fighting
 - Level 4.4(4.1) Maces & Flails
 - Level 2.6(2.3) Armour
 - Level 2.6(2.3) Shields
 + Level 1.0(0.7) Unarmed Combat


You had 3 spell levels left.
You didn't know any spells.

Dungeon Overview and Level Annotations

Branches:
Dungeon (3/15)

Altars:
Cheibriados
Makhleb
Nemelex Xobeh
Qazlal


Innate Abilities, Weirdness & Mutations

You have sharp fingernails.
A weak demonic guardian rushes to your aid.


Message History

Unknown command.
You closely miss the wight.
The wight is severely damaged.
Your ufetubus disappears in a puff of smoke!
The wight barely misses you.
Unknown command.
You hit the wight.
The wight is severely damaged.
You block the wight's attack.
Unknown command.
You closely miss the wight.
The wight is severely damaged.
The wight hits you with a battleaxe!
* * * LOW HITPOINT WARNING * * *
You take 9 damage, and have 4/35 hp.
MASSIVE DAMAGE!!
Unknown command.
Your shield and scale mail prevent you from hitting the wight.
The wight is severely damaged.
The wight hits you with a battleaxe!
You die... ਜਜਜਜ.........ਜ ...∆.........▲ ਜ.....>...ਜ ਜz......ਜ ਜਜ.†...ਜਜ ਜਜ...ਜਜ ਜਜ∆ਜਜ ਜzਜ

ਜ@ਜ ਜਜ.ਜਜਜਜ
ਜਜ.....ਜ
ਜਜਜਜ......ਜਜਜਜ..
.................
ਜਜਜਜਜ.....ਜਜਜਜਜਜਜ
ਜ.....ਜ ਜਜ.ਜਜਜਜ
ਜ.ਜ


You could see a wight.

Vanquished Creatures
  A wight (D:2)
  An adder (D:3)
  3 worms
  3 giant geckos (D:1)
  3 giant cockroaches
  6 hobgoblins
  5 kobolds
  A quokka (D:2)
  9 bats
  A giant newt (D:2)
  2 goblins (D:1)
  11 rats
46 creatures vanquished.

Vanquished Creatures (collateral kills)
  A wight (D:2)
1 creature vanquished.

Grand Total: 47 creatures vanquished

Notes
Turn   | Place    | Note
--------------------------------------------------------------
     0 | D:1      | Goblin1989 the Demonspawn Fighter began the quest for the Orb.
     0 | D:1      | Reached XP level 1. HP: 18/18 MP: 1/1
   173 | D:1      | Gained mutation: A weak demonic guardian rushes to your aid. [demonic ancestry]
   173 | D:1      | Reached XP level 2. HP: 18/24 MP: 2/2
   842 | D:1      | Reached XP level 3. HP: 29/29 MP: 3/3
  1611 | D:2      | Found a stormy altar of Qazlal.
  1611 | D:2      | Found a snail-covered altar of Cheibriados.
  1612 | D:2      | Found a burning altar of Makhleb.
  1631 | D:2      | Became a worshipper of Cheibriados the Contemplative
  1698 | D:2      | Found a sparkling altar of Nemelex Xobeh.
  1809 | D:2      | Reached skill level 4 in Maces & Flails
  1809 | D:2      | Gained mutation: You have sharp fingernails. [demonic ancestry]
  1809 | D:2      | Reached XP level 4. HP: 12/35 MP: 4/4
  2494 | D:3      | Reached skill level 1 in Unarmed Combat
  2621 | D:3      | Mangled by a wight

Action                   |  1- 3 |  4- 6 || total
-------------------------+-------+-------++-------
Melee: Flail             |   159 |    67 ||   226
  Eat: Chunk             |     2 |       ||     2
       Bread ration      |       |     1 ||     1

Vault maps used:
D:1:      noname_arrival_rooms_in_the_neighbourhood, grunt_decor_arrowhead
D:2:      gammafunk_temple_overflow_claw, nemelex_altar_shiori,
          minmay_misc_feat_diagonals
